 Dungeon Crawl Stone Soup version 0.30-a0-939-gc8157cb160 (webtiles) character file.

Game seed: 4219730910354157916

1583 NagohShan the Reanimator (level 8, 0/44 HPs)
             Began as a Deep Elf Necromancer on Mar 25, 2023.
             Slain by a gnoll
             ... wielding a +0 club
              (6 damage)
             ... on level 6 of the Dungeon.
             The game lasted 01:36:07 (6430 turns).

NagohShan the Reanimator (Deep Elf Necromancer)     Turns: 6430, Time: 01:36:07

Health: 0/44       AC: -10   Str:  5    XL:     8   Next: 60%
Magic:  3/23       EV: 13    Int: 23    God:
Gold:   330        SH:  0    Dex: 15    Spells: 18/26 levels left

rFire   + . .      SeeInvis .    B - +2 whip (drain)
rCold   + . .      Faith    .    (no shield)
rNeg    . . .      Spirit   .    a - +0 robe
rPois   .          Reflect  .    (no helmet)
rElec   .          Rampage  .    s - scarf {rC+ rF+}
rCorr   .                        (no gloves)
Will    .....                    (no boots)
Stlth   ++                       q - amulet of regeneration
HPRegen 1.07/turn                (no ring)
MPRegen 0.18/turn                (no ring)

@: corroded, animating dead
A: no striking features
a: no special abilities


You were on level 6 of the Dungeon.
You visited 2 branches of the dungeon, and saw 7 of its levels.
You also visited: Sewer.

You collected 379 gold pieces.
You spent 49 gold pieces at shops.

Inventory:

Hand Weapons
 x - a +1 spear of flaming
 A - a +0 shortbow
 B - a +2 whip of draining (weapon)
Missiles
 o - 5 poisoned darts
Armour
 a - a +0 robe (worn)
 r - a +2 buckler
 s - a scarf of resistance (worn)
 w - a +1 ring mail of positive energy
Jewellery
 q - an amulet of regeneration (around neck)
Scrolls
 d - a scroll of vulnerability
 g - a scroll of fog
 k - 3 scrolls of teleportation
 m - 2 scrolls of magic mapping
 n - a scroll of silence {unknown}
 t - a scroll of blinking {unknown}
 v - a scroll of amnesia {unknown}
 y - a scroll of enchant weapon {unknown}
 C - a scroll of fear {unknown}
 D - a scroll of noise {unknown}
Potions
 e - a potion of attraction {unknown}
 f - 2 potions of mutation
 h - 2 potions of lignification {unknown}
 i - 7 potions of flight
 j - 2 potions of ambrosia {unknown}
 l - 2 potions of brilliance
 p - a potion of experience {unknown}
 u - a potion of haste {unknown}


   Skills:
 + Level 2.0 Fighting
 + Level 0.6 Maces & Flails
 + Level 3.7 Dodging
 + Level 3.1 Stealth
 + Level 9.7 Spellcasting
 + Level 9.8 Necromancy


You had 18 spell levels left.
You knew the following spells:

 Your Spells              Type           Power      Damage    Failure   Level
a - Necrotise             Necr           100%       1d9       1%          1
b - Vampiric Draining     Necr           54%        2d9       1%          3
c - Animate Dead          Necr           54%        N/A       1%          4

Your spell library contained the following spells:

 Spells                   Type           Power      Damage    Failure   Level
 Agony                    Necr           54%        N/A       2%          5
 Blink                    Tloc           22%        N/A       9%          2
 Ensorcelled Hibernation  Hex/Ice        22%        N/A       9%          2
 Lesser Beckoning         Tloc           22%        N/A       9%          2
 Momentum Strike          Conj/Tloc      22%        3d8       9%          2
 Passwall                 Tmut/Erth      9%         N/A       9%          2
 Inner Flame              Hex/Fire       11%        N/A       17%         3
 Swiftness                Air            11%        N/A       17%         3
 Cause Fear               Hex            5%         N/A       50%         4
 Discord                  Hex            5%         N/A       100%        8


Dungeon Overview and Level Annotations

Branches:
Dungeon (6/15)             Temple (1/1) D:5           Sewer (visited)

Altars:
Cheibriados
Dithmenos
Elyvilon
Fedhas
Gozag
Hepliaklqana
Okawaru
Qazlal
Ru
Sif Muna
Trog
Uskayaw
Vehumet
Wu Jian
Yredelemnul
The Shining One

Shops:
D:2 **   D:5 :

Annotations:
D:5 3 runed translucent doors, pigah's ghost, novice OpWn


Message History

Your orc zombie closely misses the gnoll.
The gnoll barely misses you. The gnoll completely misses you.
The gnoll hits you from afar with a +0 spear.
The jelly closely misses you.
Unknown command.
Casting: Vampiric Draining (safe; 1% risk of failure)
Confirm with . or Enter, or press ? or * to list all spells.
Aiming: Vampiric Draining (safe; 1% risk of failure)
Press: ? - help, Shift-Dir - straight line, f/p - gnoll
Aim: a gnoll, wielding a +0 club (moderately wounded, ally target)
You draw life force from the gnoll!
You feel life coursing into your body.
Your orc zombie closely misses the gnoll.
The gnoll hits you with a +0 club! The gnoll barely misses you.
The gnoll hits you with a +0 club. The jelly hits you.
You are splashed with acid!
* * * LOW HITPOINT WARNING * * *
You feel much better. The gnoll hits you with a +0 club!
The gnoll barely misses you. The jelly hits you. The acid corrodes you!
You are splashed with acid.
* * * LOW HITPOINT WARNING * * *
The gnoll misses you.
Your orc zombie hits the gnoll but does no damage.
You hit the gnoll.
You kill the gnoll!
The dead are walking!
The gnoll closely misses you. The gnoll misses you. The jelly hits you.
* * * LOW HITPOINT WARNING * * *
The acid corrodes you!
You are splashed with acid.
* * * LOW HITPOINT WARNING * * *
Casting: Vampiric Draining (safe; 1% risk of failure)
Confirm with . or Enter, or press ? or * to list all spells.
Aiming: Vampiric Draining (safe; 1% risk of failure)
Press: ? - help, Shift-Dir - straight line, f - jelly
Aim: a jelly (ally target)
You draw life force from the jelly!
You feel life coursing into your body.
Your orc zombie barely misses the gnoll.
The gnoll hits you from afar with a +0 spear!
* * * LOW HITPOINT WARNING * * *
The gnoll hits you with a +0 club.
You die...

.....###..###...######
+#### ######[...<...##
................
................
................
..........>.....
................
..........##...(
......)@..# ....
.....ZgJZ...!...
......g.........
.........>.....
..$.......##...
...[......# ...
........... ..
....#.#.#...


You could see a jelly (ally target), 2 gnolls, a friendly gnoll zombie and a
friendly orc zombie.

Vanquished Creatures
  A sky beast (D:6)
  A water moccasin (D:6)
  2 ice beasts (D:5)
  2 ogres
  A centaur (D:5)
  2 phantoms (D:6)
  A kobold brigand (D:6)
  A scorpion (D:4)
  2 hounds (D:4)
  2 jellies (D:5)
  4 iguanas
  Jessica (D:2)
  2 orc wizards
  A river rat (Sewer)
  6 adders
  6 gnolls
  A shadow imp (D:4)
  3 worms
  4 dart slugs
  8 orcs
  13 ball pythons
  5 endoplasms
  A giant cockroach (D:2)
  6 goblins
  4 hobgoblins
  7 kobolds
  6 quokkas
  8 bats
  4 frilled lizards
  26 rats
131 creatures vanquished.

Vanquished Creatures (collateral kills)
  An iguana (D:5)
  A sickly merfolk siren (Sewer)
  A malarious merfolk avatar (Sewer)
  3 adders
  A bat (D:1)
  3 endoplasms
  3 giant cockroaches
  A goblin (D:3)
  2 hobgoblins
  3 quokkas
  2 frilled lizards (Sewer)
  3 kobolds
  6 rats (Sewer)
30 creatures vanquished.

Vanquished Creatures (others)
  An ogre zombie (D:6)
  A sky beast zombie (D:6)
  An ice beast zombie (D:5)
  2 adder zombies
  2 jelly zombies (D:5)
  4 gnoll zombies
  4 ball python zombies
  3 orc zombies
  4 rat zombies (Sewer)
22 creatures vanquished.

Grand Total: 183 creatures vanquished

Notes
Turn   | Place    | Note
-------+----------+-------------------------------------------
     0 | D:1      | NagohShan the Deep Elf Necromancer began the quest for the
                  | Orb.
     0 | D:1      | Reached XP level 1. HP: 10/10 MP: 6/6
   104 | D:1      | Reached skill level 5 in Necromancy
   181 | D:1      | Reached XP level 2. HP: 15/15 MP: 6/8
  1402 | D:2      | Reached XP level 3. HP: 19/19 MP: 7/9
  1405 | D:2      | Found Wius's Assorted Antiques.
  1417 | D:2      | Bought a scroll labelled JUETRIZI WIEGY for 25 gold pieces
  1491 | D:2      | Found Wasiss's Antique Weapon Emporium.
  1577 | D:2      | Noticed Jessica
  1583 | D:2      | Learned a level 3 spell: Vampiric Draining
  1585 | D:2      | Killed Jessica
  1921 | D:2      | Reached XP level 4. HP: 24/24 MP: 10/12
  1929 | D:2      | Learned a level 4 spell: Animate Dead
  2537 | D:2      | Found Dewn's General Store.
  2545 | D:2      | Bought a scroll of identify for 24 gold pieces
  2619 | D:3      | Found a hide-covered altar of Uskayaw.
  2882 | D:3      | Found a white marble altar of Elyvilon.
  2912 | D:3      | Found a radiant altar of Vehumet.
  3267 | D:4      | Reached XP level 5. HP: 28/28 MP: 12/14
  3302 | D:4      | Reached skill level 5 in Spellcasting
  3386 | D:4      | Reached skill level 1 in Fighting
  3456 | D:4      | Reached XP level 6. HP: 21/34 MP: 7/16
  4145 | D:5      | Entered Level 5 of the Dungeon
  4221 | D:5      | Found Busikar's Book Shop.
  4227 | D:5      | Noticed an ice beast
  4252 | D:5      | Killed an ice beast
  4387 | D:5      | Reached XP level 7. HP: 38/38 MP: 17/19
  4581 | D:5      | Found a staircase to the Ecumenical Temple.
  5100 | Temple   | Entered the Ecumenical Temple
  5378 | D:5      | Found a runed translucent gate.
  5381 | D:5      | Found a runed translucent gate.
  5382 | D:5      | Found a runed translucent gate.
  5384 | D:5      | Noticed pigah's ghost (novice OpWn)
  5808 | D:6      | Found a glowing drain.
  5844 | Sewer    | Entered a sewer
  5949 | Sewer    | Reached XP level 8. HP: 43/44 MP: 12/22
  6430 | D:6      | Slain by a gnoll

Illustrated notes

Levels and vault maps discovered:
D:1:      elethiomel_arrival_maze, layout_basic, minmay_misc_feat_five
D:2:      minmay_skewed_foursquare, layout_basic, serial_shops, shop_statue,
          shop, shop, chequers_arboretum, corexii_hall_statues_l,
          minmay_misc_feat_ornament, uniq_jessica
D:3:      layout_rooms, mainiacjoe_overflow_alcove_1,
          mainiacjoe_overflow_catwalk_spiral
D:4:      layout_cave_pools
D:5:      layout_loops_ring, minmay_temple_entry_wispy,
          ebering_ghost_rock_garden, serial_shops, shop, minmay_small_thing
D:6:      layout_gridville, cheibrodos_sewer_entry_bend, st_stairs_13
Temple:   nicolae_temple_figure_eight

Skill      XL: |  1  2  3  4  5  6  7  8 |
---------------+-------------------------+-----
Necromancy     | 5 6 7 8 9 |  9.8
Spellcasting   | 4 5 7 8 9 |  9.7
Fighting       | 1 2 |  2.0
Dodging        | 3 |  3.7
Stealth        | 3 |  3.1
Maces & Flails | |  0.6

Action                     |  1- 3 |  4- 6 |  7- 9 || total
---------------------------+-------+-------+-------++-------
  Melee: Unarmed           |     3 |     4 |     7 ||    14
         Whip              |       |       |    45 ||    45
         Flail             |       |       |    15 ||    15
   Cast: Necrotise         |    49 |   101 |    99 ||   249
         Animate Dead      |       |     4 |     8 ||    12
         Vampiric Draining |       |     4 |    19 ||    23
    Use: Scroll            |     4 |     4 |     2 ||    10
         Potion            |     1 |     2 |     8 ||    11
 Armour: Robe              |     2 |     4 |    16 ||    22
  Dodge: Dodged            |     8 |    23 |   101 ||   132

Table legend: (Time is in decaauts)
 A = Elapsed time spent in this place.
 B = Non-inter-level travel time spent in this place.
 C = Inter-level travel time spent in this place.
 D = Time resting spent in this place.
 E = Time spent auto-exploring this place.
 F = Levels seen in this place.
 G = Mean time per level.
                   A        B        C        D        E       F      G
               +--------+--------+--------+--------+--------+-----+--------+
         Total |   6518 |   6518 |      0 |      0 |      0 |   8 |  814.8 |
       Dungeon |   5815 |   5815 |      0 |      0 |      0 |   6 |  969.2 |
        Temple |    254 |    254 |      0 |      0 |      0 |   1 |  254.0 |
         Sewer |    448 |    448 |      0 |      0 |      0 |   1 |  448.0 |
               +--------+--------+--------+--------+--------+-----+--------+

Top non-repeatable levels by time:
     D:1: 1370 daAuts
     D:5: 1319 daAuts
     D:2: 1248 daAuts
     D:4: 970 daAuts
     D:3: 616 daAuts
   Sewer: 448 daAuts
     D:6: 290 daAuts
  Temple: 254 daAuts
